 Dungeon Crawl Stone Soup version 0.19-a0-578-g4cfc824 (webtiles) character file.

469 AlphabetPasta the Stinger (level 7, -3/36 HPs)
             Began as a Kobold Venom Mage on June 8, 2016.
             Was an Initiate of Ashenzari.
             Slain by a centaur
             ... wielding a +0 war axe
              (10 damage)
             ... on level 5 of the Dungeon.
             The game lasted 00:26:25 (6426 turns).

AlphabetPasta the Stinger (Kobold Venom Mage)       Turns: 6426, Time: 00:26:25

Health: -3/36      AC:  4    Str:  6    XL:     7   Next: 31%
Magic:  9/12       EV: 17    Int: 15    God:    Ashenzari [......]
Gold:   317        SH:  0    Dex: 17    Spells: 3 memorised, 5 levels left

rFire  . . .     SeeInvis .     i - -3 dagger (curse)
rCold  . . .     Gourm    .     a - +0 robe
rNeg   . . .     Faith    .     (shield restricted)
rPois  .         Spirit   .     (no helmet)
rElec  .         Dismiss  .     f - +1 cloak
rCorr  .         Reflect  .     (no gloves)
SustAt .         Harm     .     (no boots)
MR     .....                    (no amulet)
Stlth  +++.......               (no ring)
                                (no ring)

@: not resistant to hostile enchantments, fairly stealthy
A: carnivore 3
a: Curse Item, Renounce Religion


You were on level 5 of the Dungeon.
You worshipped Ashenzari.
Ashenzari was noncommittal.
You were completely stuffed.

You visited 2 branches of the dungeon, and saw 6 of its levels.

You collected 317 gold pieces.

Inventory:

Hand Weapons
 i - a cursed -3 dagger (weapon)
 j - a +0 rapier
 s - a +2 dagger of venom
Armour
 a - a +0 robe (worn)
 f - a +1 cloak (worn)
Scrolls
 o - a scroll of identify
 r - a scroll of remove curse
Potions
 e - 3 potions of curing
 g - a potion of resistance
 h - a potion of lignification
 k - a potion of agility
 m - a potion of berserk rage {unknown}
 n - a potion of cure mutation {unknown}
 p - a potion of flight {unknown}
 q - a potion of ambrosia {unknown}
Books
 b - a Young Poisoner's Handbook

   Spells                             Type                      Level
   a - Sting                          Conjuration/Poison           1
   b - Cure Poison                    Poison                       2
   c - Mephitic Cloud                 Conjuration/Poison/Air       3
   d - Olgreb's Toxic Radiance        Poison                       4
   e - Venom Bolt                     Conjuration/Poison           5
Comestibles
 c - 2 meat rations
 l - a beef jerky


   Skills:
 + Level 2.9 Short Blades
 + Level 4.2 Dodging
 + Level 4.3 Stealth
 + Level 3.6 Spellcasting
 + Level 2.0 Conjurations
 * Level 5.3 Poison Magic


You had 5 spell levels left.
You knew the following spells:

 Your Spells              Type           Power        Failure   Level  Hunger
a - Sting                 Conj/Pois      ##..         4%          1    None
b - Mephitic Cloud        Conj/Pois/Air  ##......     24%         3    ###....
c - Olgreb's Toxic Radia  Pois           ###.....     24%         4    ####...


Dungeon Overview and Level Annotations

Branches:
Dungeon (5/15)             Temple (1/1) D:4

Altars:
Ashenzari
Cheibriados
Dithmenos
Elyvilon
Fedhas
Gozag
Hepliaklqana
Nemelex Xobeh
Okawaru
Pakellas
Qazlal
Ru
Sif Muna
Trog
Uskayaw
Vehumet
Xom
Yredelemnul
Zin
The Shining One


Innate Abilities, Weirdness & Mutations

You are small and have problems with some larger weapons.
You are carnivorous and can eat meat at any time.


Message History

The centaur is lightly wounded.
The centaur closely misses you.
Casting: Sting
Confirm with . or Enter, or press ? or * to list all spells.
Aiming: Sting
Press: ? - help, Shift-Dir - straight line, f/p - centaur
Aim: a centaur, wielding a war axe (lightly wounded, poisoned)
The sting hits the centaur.
The centaur looks even sicker.
The centaur is moderately wounded.
The centaur hits you with a war axe!
* * * LOW HITPOINT WARNING * * *
Casting: Sting
Confirm with . or Enter, or press ? or * to list all spells.
Aiming: Sting
Press: ? - help, Shift-Dir - straight line, f/p - centaur
Aim: a centaur, wielding a war axe (moderately wounded, poisoned)
The sting hits the centaur.
The centaur looks even sicker.
The centaur is moderately wounded.
The centaur hits you with a war axe!
You die...

,,,* #.#
,,,########.#####
,,,#...(....#...#
,,,#..c.....#.#)#
**,......[c.#[#.####
*,......##.#<#....#
*,.....,*#.######.#
**,####***#....#.).#
,,,* ####.#@### ,,,*
#.c.# ,,,* #####
,,,*** ,,,,>* **,,,*
**,,,* **,,,* ,*,,,*


You could see a centaur.

Vanquished Creatures
  An ogre (D:4)
  2 orc priests
  An iguana (D:5)
  2 orc wizards
  2 worker ants (D:4)
  A hound zombie (D:5)
  6 adders
  4 worms
  3 dart slugs
  A giant gecko (D:5)
  21 orcs
  3 giant cockroaches
  10 goblins
  6 hobgoblins
  2 quokkas
  3 ball pythons
  5 bats
  6 giant newts
  A jackal skeleton (D:4)
  11 kobolds
  A quokka skeleton (D:4)
  6 rats
  A toadstool (D:1)
99 creatures vanquished.

Vanquished Creatures (others)
  3 toadstools (D:1)
3 creatures vanquished.

Grand Total: 102 creatures vanquished

Notes
Turn   | Place    | Note
--------------------------------------------------------------
     0 | D:1      | AlphabetPasta the Kobold Venom Mage began the quest for the Orb.
     0 | D:1      | Reached XP level 1. HP: 10/10 MP: 3/3
   260 | D:1      | Reached XP level 2. HP: 14/15 MP: 0/5
   856 | D:1      | Reached XP level 3. HP: 19/19 MP: 1/6
   861 | D:1      | Learned a level 3 spell: Mephitic Cloud
  1531 | D:2      | Found an opulent altar of Gozag.
  1682 | D:2      | Reached skill level 1 in Conjurations
  1682 | D:2      | Reached XP level 4. HP: 6/24 MP: 0/8
  1688 | D:2      | Learned a level 4 spell: Olgreb's Toxic Radiance
  1985 | D:2      | Found an oddly glowing altar of Pakellas.
  3020 | D:3      | Reached XP level 5. HP: 28/28 MP: 4/9
  4152 | D:4      | Found a staircase to the Ecumenical Temple.
  4168 | Temple   | Entered the Ecumenical Temple
  4220 | Temple   | Became a worshipper of Ashenzari the Shackled
  4320 | D:4      | Reached skill level 1 in Short Blades
  4665 | D:4      | Reached XP level 6. HP: 21/32 MP: 4/10
  4884 | D:4      | Noticed an ogre
  4930 | D:4      | Killed an ogre
  5098 | D:4      | Reached skill level 5 in Poison Magic
  5317 | D:5      | Entered Level 5 of the Dungeon
  5866 | D:4      | Reached XP level 7. HP: 24/36 MP: 5/12
  6426 | D:5      | Slain by a centaur

Vault maps used:
D:1:      ldierk_water_garden, serial_curves, eino_curves_04, eino_curves_03,
          minmay_misc_feat_four_crosses
D:2:      grunt_pakellas_salt, grunt_gozag_breadcrumbs
D:4:      minmay_temple_entry_grid, minmay_bisected
D:5:      first_bread, gup_sewer_entry_pipe, minmay_misc_feat_encased,
          hangedman_abyss_or_decor_slice, fedhas_bush_and_centaur_altar,
          uniq_blork_the_orc
Temple:   triangle_lava_temple_19

Skill      XL: |  1  2  3  4  5  6 |
---------------+-------------------+-----
Dodging        | 3 4 |  4.2
Conjurations   | 1 2 |  2.0
Spellcasting   | 3 |  3.6
Stealth        | 3 4 |  4.3
Short Blades   | 1 2 |  2.9
Poison Magic   | 5 |  5.3

Action                   |  1- 3 |  4- 6 |  7- 9 || total
-------------------------+-------+-------+-------++-------
Melee: Unarmed           |    17 |       |       ||    17
       Dagger            |    22 |    85 |    91 ||   198
 Cast: Sting             |    57 |   159 |    45 ||   261
       Mephitic Cloud    |       |     2 |       ||     2
  Use: Scroll            |       |    11 |       ||    11
       Potion            |       |     2 |       ||     2
 Stab: Sleeping          |     3 |    13 |       ||    16
       Confused          |       |     2 |       ||     2
  Eat: Chunk             |    10 |    13 |     5 ||    28
Armor: Robe              |    10 |    18 |    12 ||    40
Dodge: Dodged            |    44 |   112 |    98 ||   254
